 Dungeon Crawl Stone Soup version 0.27.0-1-g7a089689b8 (webtiles) character file.

Game seed: 9341512478548556225

56 lnt the Poker (level 3, -10/33 HPs)
             Began as a Deep Dwarf Fighter on Aug 1, 2021.
             Killed from afar by Ijyb (14 damage)
             ... with a bolt of acid
             ... on level 3 of the Dungeon.
             The game lasted 00:07:02 (1741 turns).

lnt the Poker (Deep Dwarf Fighter)                  Turns: 1741, Time: 00:07:02

Health: -10/33     AC:  8    Str: 20    XL:     3   Next: 71%
Magic:  3/3        EV:  5    Int:  8    God:
Gold:   62         SH:  9    Dex: 12    Spells: 2/2 levels left

rFire    . . .     SeeInvis +   a - +0 trident
rCold    . . .     Faith    .   c - +0 kite shield
rNeg     . . .     Spirit   .   l - +0 chain mail
rPois    .         Reflect  .   m - +2 helmet {SInv}
rElec    .         Harm     .   (no cloak)
rCorr    .         Rampage  .   (no gloves)
Will     .....                  (no boots)
Stlth    ..........             (no amulet)
HPRegen  0.00/turn              (no ring)
MPRegen  0.08/turn              (no ring)

@: corroded
A: damage resistance, heal wounds, sense surroundings 1, no regeneration
a: Heal Wounds


You were on level 3 of the Dungeon.
You visited 1 branch of the dungeon, and saw 3 of its levels.

You collected 62 gold pieces.

Inventory:

Hand Weapons
 a - a +0 trident (weapon)
 f - a +2 dagger of flaming
 h - a +0 hunting sling
Missiles
 i - 53 stones
Armour
 c - a +0 kite shield (worn)
 l - a +0 chain mail (worn)
 m - a +2 helmet of see invisible (worn)
Scrolls
 b - 4 scrolls of enchant weapon {unknown}
 e - a scroll of amnesia {unknown}
 g - a scroll of fog {unknown}
 j - a scroll of identify {unknown}
 k - a scroll of teleportation {unknown}
Potions
 d - 2 potions of might
 n - a potion of curing {unknown}


   Skills:
 - Level 2.6 Fighting
 + Level 3.7 Polearms
 - Level 3.2 Armour
 - Level 3.2 Shields


You had 2 spell levels left.
You didn't know any spells.
Your spell library was empty.

Dungeon Overview and Level Annotations

Branches:
Dungeon (3/15)

Altars:
Zin

Annotations:
D:3 Ijyb


Innate Abilities, Weirdness & Mutations

You are resistant to damage.
You can heal yourself by infusing magical energy.
You passively map a small area around you.
You do not regenerate.


Message History

Reach: a) +0 trident
Press: ? - help, Dir - move target, f - you
Okay, then.
A goblin comes into view. It is wielding a +0 dagger.
Things that are here:
a +0 club; a goblin corpse The goblin shouts!
You hit the goblin.
You kill the goblin!
Items here: ( )) †.
Okay, then.
You closely miss the goblin. The goblin hits you but does no damage.
You barely miss the goblin. The goblin hits you but does no damage.
You closely miss the goblin. The goblin hits you but does no damage.
A goblin comes into view. It is wielding a +0 club.
The goblin hits you with a +0 dagger.
You closely miss the goblin. You block the goblin's attack.
Things that are here:
a +0 club; a goblin corpse You hit the goblin.
The goblin is severely wounded.
Ijyb the Twisted Goblin comes into view.
She is wielding a +0 dagger and carrying a wand of acid (8).
The goblin hits you but does no damage.
Ijyb moves out of view.
Your shield and chain mail prevent you from hitting the goblin.
The goblin is severely wounded.
You block the goblin's attack. The goblin barely misses you.
You puncture the goblin!
You kill the goblin!
You hit the goblin.
You kill the goblin!
i - 53 stones (gained 16)
Items here: )))) ††.
Okay, then.
The goblin shouts!
Ijyb zaps a wand.
The bolt of acid hits you!
* * * LOW HITPOINT WARNING * * *
The acid corrodes you!
You are splashed with acid!
* * * LOW HITPOINT WARNING * * *
You fail to use your ability.
Ijyb zaps a wand.
The bolt of acid hits you!
You die...

, #8g...g8#....#.#.##.#
,#.......# #.........#
*, ,#8g....8#
#....#.#### * #.?.....#
#.......... *
*,#8.....8# #......####
#.......# #....#.†... *
#g......# #........#. ,
, , #...# * #......#.##
* , #.#@# #..#####.## ,
*# #.# #..........
#.##.#.#######.#####.#.
* * #.........))...#
...#.
...###.#...######*#.###.
, +.......#, ,...* #.
###.###.# ,##. ,#. , *
#. #.# , ,.. ,#. , #.
,#.######### #.


You could see Ijyb and a goblin.

Vanquished Creatures
  An adder (D:2)
  A dart slug (D:1)
  3 endoplasms (D:1)
  5 giant cockroaches
  10 goblins
  2 hobgoblins (D:1)
  2 ball pythons (D:2)
  5 bats
  2 frilled lizards
  5 kobolds
  A quokka skeleton (D:3)
  6 rats
43 creatures vanquished.

Notes
Turn   | Place    | Note
-------+----------+-------------------------------------------
     0 | D:1      | lnt the Deep Dwarf Fighter began the quest for the Orb.
     0 | D:1      | Reached XP level 1. HP: 20/20 MP: 1/1
   301 | D:1      | Reached XP level 2. HP: 10/27 MP: 2/2
   744 | D:2      | Reached XP level 3. HP: 11/33 MP: 3/3
  1089 | D:2      | Found a glowing silver altar of Zin.
  1270 | D:2      | Found a faded altar of an unknown god.
  1729 | D:3      | Noticed Ijyb
  1741 | D:3      | Killed from afar by Ijyb

Illustrated notes

Levels and vault maps discovered:
D:1:      scummos_arrival_simple_crosswalls, layout_rooms
D:2:      kb_forest_paths, layout_loops_ring, ebering_ecumenical_altar_rust,
          basic_altar
D:3:      kennysheep_the_goblin_king, layout_basic, uniq_natasha

Skill      XL: |  1  2 |
---------------+-------+-----
Polearms       | 2 3 |  3.7
Fighting       | |  2.6
Armour         | |  3.2
Shields        | |  3.2

Action                   || total
-------------------------++-------
Melee: Trident           ||   100
 Abil: Heal Wounds       ||     1
Armor: Scale mail        ||    18
       Chain mail        ||    14
Dodge: Dodged            ||    20
Block: Kite shield       ||    43
